AoeStats
← alex.feldblioum

Arabia

509783022Analyzed
1v1 RM · 3d ago on Sep 28, 2026· 55m 12s· 2 players
Game mode
Random Map
Map size
Tiny (2 player)
Population
200
Speed
Normal
Resources
Standard
Victory
Conquest
Starting age
Dark Age
Ending age
Imperial Age
RankedLock teamsTeams togetherTeam positionsShared explorationLock speedFull tech treeHidden civsTurbo modeCheats
Victory
Defeat
🇨🇴 Burmese · Colombia
679
+17
🇨🇦 Cumans · Canada
692
-17
MzTm | jhesuafelipe
0:27 Loom
11:34 Feudal Age
15:08 Wheelbarrow
16:17 Horse Collar
20:04 Castle Age
20:52 Heavy Plow
22:21 Fervor
22:46 Hand Cart
24:05 Elite Skirmisher
26:43 Stone Mining
27:45 Gold Mining
30:09 Gold Shaft Mining
29:39 Squires
29:30 Gambesons
29:45 Pikeman
30:40 Forging
37:40 Imperial Age
36:17 Fletching
36:27 Padded Archer Armor
37:54 Bodkin Arrow
38:17 Scale Mail Armor
38:32 Halberdier
39:36 Bracer
40:46 Chemistry
40:07 Ballistics
39:54 Siege Engineers
41:35 Chain Mail Armor
43:54 Heavy Scorpion
alex.feldblioum
8:52 Loom
12:48 Feudal Age
13:58 Double-Bit Axe
13:57 Horse Collar
14:06 Horse Collar
17:31 Bloodlines
26:48 Castle Age
25:40 Fletching
25:58 Scale Barding Armor
26:04 Padded Archer Armor
29:47 Wheelbarrow
28:59 Town Watch
29:34 Bodkin Arrow
29:55 Leather Archer Armor
30:01 Chain Barding Armor
29:52 Forging
30:04 Heavy Plow
30:04 Light Cavalry
33:19 Thumb Ring
34:35 Steppe Husbandry
35:53 Ballistics
35:29 Murder Holes
35:45 Masonry
40:13 Imperial Age
42:58 Chemistry
42:36 Iron Casting
42:46 Parthian Tactics
42:10 Hussar
43:27 Capped Ram
49:29 Conscription
51:29 Elite Steppe Lancer
Connection lost

Rejoining the realm…

Still unreachable

The connection could not be restored.

Session expired

The server has moved on; the page needs a fresh start.